 Dungeon Crawl Stone Soup version 0.26.1-10-gdfb7c7de75 (webtiles) character file.

Game seed: 9647805701632724367

401 tardwrangler69 the Skirmisher (level 6, -5/34 HPs)
             Began as a Vine Stalker Fighter on Apr 10, 2021.
             Slain by a wight
             ... wielding a +2 halberd of freezing
              (6 damage)
             ... on level 4 of the Dungeon.
             The game lasted 00:02:25 (3127 turns).

tardwrangler69 the Skirmisher (VSFi)                Turns: 3127, Time: 00:02:26

Health: -5/34      AC:  8    Str: 21    XL:     6   Next: 85%
Magic:  0/7        EV: 13    Int:  8    God:
Gold:   240        SH:  5    Dex: 13    Spells: 5/5 levels left

rFire    . . .     SeeInvis .   a - +0 rapier
rCold    . . .     Faith    .   m - +0 buckler
rNeg     . . .     Spirit   +   b - +0 scale mail
rPois    .         Reflect  .   o - +0 helmet
rElec    .         Harm     .   u - +0 cloak
rCorr    .         Rampage  .   (no gloves)
Will     .....                  (no boots)
Stlth    +.........             (no amulet)
HPRegen  0.51/turn              l - ring of stealth
MPRegen  0.10/turn              v - +4 ring of evasion

@: no status effects
A: fangs 2, regeneration 1, magic shield, antimagic bite, no potion heal 3
a: no special abilities


You were on level 4 of the Dungeon.
You visited 1 branch of the dungeon, and saw 4 of its levels.

You collected 240 gold pieces.

Inventory:

Hand Weapons
 a - a +0 rapier (weapon)
Armour
 b - a +0 scale mail (worn)
 c - a +0 kite shield
 m - a +0 buckler (worn)
 o - a +0 helmet (worn)
 u - a +0 cloak (worn)
Jewellery
 l - a ring of stealth (left hand)
 v - a +4 ring of evasion (right hand)
Scrolls
 f - 5 scrolls of teleportation {unknown}
 h - 2 scrolls of fear {unknown}
 i - 2 scrolls of enchant weapon {unknown}
 j - 2 scrolls of amnesia {unknown}
 k - 4 scrolls of remove curse {unknown}
 p - 3 scrolls of magic mapping {unknown}
 q - a scroll of random uselessness {unknown}
 s - 2 scrolls of identify {unknown}
Potions
 d - 2 potions of might
 e - a potion of brilliance {unknown}
 g - 2 potions of haste {unknown}
 n - a potion of lignification {unknown}
 r - 2 potions of flight {unknown}
 t - a potion of mutation {unknown}
 w - a potion of resistance {unknown}


   Skills:
 + Level 4.6 Fighting
 + Level 4.2 Short Blades
 - Level 2.4 Armour
 - Level 4.0 Shields


You had 5 spell levels left.
You didn't know any spells.
Your spell library was empty.

Dungeon Overview and Level Annotations

Branches:
Dungeon (4/15)
 Temple: D:4-7

Altars:
Ashenzari
Gozag
Makhleb
Qazlal


Innate Abilities, Weirdness & Mutations

You have extremely sharp teeth.
Your natural rate of healing is unusually fast.
When hurt, damage is shared between your health and your magic reserves.
Your bite disrupts and absorbs the magic of your enemies.
Potions cannot restore your health.


Message History

The wight is heavily damaged.
The wight hits you with a cursed +3 hand axe.
* * * LOW HITPOINT WARNING * * *
You barely miss the wight. You bite the wight. You drain its power.
You feel invigorated.
The wight is severely damaged.
The wight barely misses you. You block the wight's attack.
You hit the wight but do no damage. Your bite misses the wight.
The wight is severely damaged.
You block the wight's attack. The wight closely misses you.
You hit the wight.
You destroy the wight!
The wight hits you from afar with a +2 halberd of freezing.
* * * LOW HITPOINT WARNING * * *
The wight freezes you.
* * * LOW HITPOINT WARNING * * *
Your life force feels restored.
A wight comes into view. It is wielding a +2 battleaxe.
The wight hits you with a +2 halberd of freezing!
You die...

≈♣........§§PP§.§# #....
≈........§.§§§..## #...
≈.......§....)§.# ...
≈..............#####....
≈............).#....##..
≈.................# #.#
♣..............### #.
♣......)........## ##.
♣.#..)@..........####..
##..z...............#
#...............8.88
#..#...............88
z...##................
.###. #......>......8..
. #. ................
#..............#
...#.........#


You could see 2 wights.

Vanquished Creatures
  3 wights (D:4)
  Crazy Yiuf (D:2)
  A hound (D:4)
  Jessica (D:2)
  An iguana (D:4)
  A hound skeleton (D:4)
  Robin (D:2)
  6 adders
  An ooze (D:3)
  An adder zombie (D:4)
  5 dart slugs
  3 leopard geckos
  2 ball pythons
  A giant cockroach (D:1)
  19 goblins
  6 hobgoblins
  4 jackals (D:1)
  4 kobolds
  7 bats
  A frilled lizard (D:1)
  A leopard gecko skeleton (D:4)
  8 rats
78 creatures vanquished.

Notes
Turn   | Place    | Note
-------+----------+-------------------------------------------
     0 | D:1      | tardwrangler69 the Vine Stalker Fighter began the quest for
                  | the Orb.
     0 | D:1      | Reached XP level 1. HP: 11/11 MP: 2/2
   108 | D:1      | Reached XP level 2. HP: 16/16 MP: 3/3
   366 | D:1      | Reached XP level 3. HP: 20/20 MP: 4/4
   846 | D:2      | Found an opulent altar of Gozag.
  1225 | D:2      | Noticed Robin
  1235 | D:2      | Gained mutation: Your natural rate of healing is unusually
                  | fast. [Vine Stalker growth]
  1235 | D:2      | Reached XP level 4. HP: 8/24 MP: 1/5
  1264 | D:2      | Killed Robin
  1319 | D:2      | Found a stormy altar of Qazlal.
  1414 | D:2      | Found a burning altar of Makhleb.
  1421 | D:2      | Found a broken altar of Ashenzari.
  1493 | D:2      | Found a runed translucent door.
  1494 | D:2      | Noticed Crazy Yiuf
  1602 | D:2      | Noticed Jessica
  1609 | D:2      | Killed Jessica
  1711 | D:2      | Reached XP level 5. HP: 29/29 MP: 6/6
  2416 | D:2      | Killed Crazy Yiuf
  3036 | D:4      | Reached XP level 6. HP: 33/33 MP: 7/7
  3126 | D:4      | HP: 1/33 [wight/+2 halberd of freezing (1)]
  3127 | D:4      | Slain by a wight

Illustrated notes

Levels and vault maps discovered:
D:1:      sevenhm_arrival_forest_fort_large_4, layout_basic
D:2:      minmay_general_purpose_star, layout_basic, grunt_qazlal_clouds,
          amethyst_overflow_temple_binary, grunt_gozag_statues, uniq_robin,
          uniq_crazy_yiuf_cottage, uniq_jessica
D:3:      layout_basic, minmay_parallelograms, hangedman_decor_growths,
          minmay_tree_intersection
D:4:      layout_layer_cave, nicolae_ru_the_path_less_chosen,
          minmay_temple_entry_water_ring, serial_undead, serial_undead_c,
          serial_undead_b, serial_undead_f, serial_undead_c, serial_undead_b,
          serial_undead_d, serial_undead_a, serial_undead_e, uniq_duvessa,
          uniq_natasha

Skill      XL: |  1  2  3  4  5  6 |
---------------+-------------------+-----
Short Blades   | 2 3 4 |  4.2
Fighting       | 3 4 |  4.6
Shields        | 3 4 |  4.0
Armour         | |  2.4

Action                   |  1- 3 |  4- 6 || total
-------------------------+-------+-------++-------
Melee: Rapier            |    93 |   144 ||   237
       Bite              |    21 |    44 ||    65
Armor: Scale mail        |    53 |    61 ||   114
Dodge: Dodged            |    33 |    62 ||    95
Block: Kite shield       |    30 |       ||    30
       Buckler           |     5 |    28 ||    33
